 Dungeon Crawl Stone Soup version 0.23-b1-13-gf37ab262a9 (webtiles) character file.

Game seed: 11240529575938179646

16102 Oravi the Cleaver (level 12, -15/115 HPs)
             Began as a Naga Warper on Feb 3, 2019.
             Was the Champion of Cheibriados.
             Demolished by a large slime creature (34 damage)
             ... on level 12 of the Dungeon.
             The game lasted 01:55:06 (17964 turns).

Oravi the Cleaver (Naga Warper)                    Turns: 17964, Time: 01:55:27

Health: -15/115    AC: 13    Str: 28    XL:     12   Next: 34%
Magic:  23/28      EV: 10    Int: 34    God:    Cheibriados [******]
Gold:   631        SH:  7    Dex: 26    Spells: 3/16 levels left

rFire    + . .     SeeInvis +   a - +3 broad axe (holy)
rCold    . . .     Gourm    .   Q - +1 buckler {AC+3}
rNeg     . . .     Faith    .   u - +0 acid dragon scales
rPois    +         Spirit   .   y - +0 helmet
rElec    .         Reflect  .   J - +0 cloak
rCorr    +         Harm     .   T - +0 pair of gloves
MR       +....                  (no barding)
Stlth    ++........             (no amulet)
HPRegen  0.29/turn              j - ring of magical power
MPRegen  0.21/turn              W - ring of protection from fire

@: shrouded, very slow
A: large, see invisible, deformed body, poison resistance, slowness 2, slow
metabolism 1, spit poison 1, AC +4
a: Spit Poison, Bend Time, Temporal Distortion, Slouch, Step From Time, Renounce
Religion


You were on level 12 of the Dungeon.
You worshipped Cheibriados.
Cheibriados was exalted by your worship.
You were not hungry.

You visited 1 branch of the dungeon, and saw 12 of its levels.

You collected 896 gold pieces.
You spent 265 gold pieces at shops.

Inventory:

Hand Weapons
 a - a +3 broad axe of holy wrath (weapon)
 b - a +0 hunting sling
 B - a +0 whip of freezing
Missiles
 e - 5 tomahawks of dispersal
 i - 390 stones
 l - 200 arrows
 m - 112 sling bullets
 q - 80 bolts
 t - 80 poisoned needles
 C - 4 needles of confusion
 H - 14 tomahawks (quivered)
 M - 4 throwing nets {!f}
 S - 5 needles of sleeping
Armour
 n - a +0 scale mail
 o - a scarf of cloud immunity
 s - a +2 robe of magic resistance
 u - +0 acid dragon scales (worn)
 w - a +0 ring mail
 y - a +0 helmet (worn)
 z - a +0 chain mail
 I - a +2 leather armour of poison resistance
 J - a +0 cloak (worn)
 P - a +0 troll leather armour
 Q - a +1 buckler of protection (worn)
 T - a +0 pair of gloves (worn)
 Z - a +0 buckler
Jewellery
 j - a ring of magical power (left hand)
 p - an uncursed ring of protection from cold
 W - a ring of protection from fire (right hand)
Wands
 v - a wand of disintegration (12)
 A - a wand of digging (6)
 D - a wand of paralysis (6)
 F - a wand of iceblast (4)
 K - a wand of enslavement (8)
 O - a wand of flame (10)
Scrolls
 c - 2 scrolls of teleportation
 d - 2 scrolls of blinking
 g - 2 scrolls of magic mapping
 r - 4 scrolls of identify {@r1}
 x - 2 scrolls of amnesia {unknown}
 R - a scroll of fear {unknown}
 V - a scroll of silence {unknown}
 X - 2 scrolls of enchant armour {unknown}
 Y - a scroll of noise {unknown}
Potions
 h - 2 potions of curing {@q1}
 k - a potion of might
 E - 2 potions of cancellation
 G - 2 potions of brilliance
 L - 3 potions of agility
 N - 3 potions of flight
 U - a potion of berserk rage {unknown}
Comestibles
 f - 16 rations


   Skills:
 + Level 9.5 Fighting
 * Level 13.1 Axes
 - Level 0.8 Throwing
 - Level 1.4 Armour
 - Level 1.5 Dodging
 - Level 2.4 Shields
 * Level 2.8 Spellcasting
 - Level 2.0 Charms
 - Level 5.0 Translocations
 * Level 2.0 Transmutations
 + Level 10.0 Invocations


You had 3 spell levels left.
You knew the following spells:

 Your Spells              Type           Power        Failure   Level  Hunger
a - Blink                 Tloc           N/A          1%          2    #......
b - Shroud of Golubria    Chrm/Tloc      ####......   2%          2    #......
c - Lesser Beckoning      Tloc           #####.....   2%          3    ##.....
d - Passage of Golubria   Tloc           N/A          9%          4    ####...
e - Sticks to Snakes      Tmut           ###.....     4%          2    #......

Your spell library contained the following spells:

 Spells                   Type           Power        Failure   Level  Hunger
 Beastly Appendage        Tmut           ###...       2%          1    None
 Gell's Gravitas          Tloc           #####.....   2%          3    ##.....
 Teleport Other           Tloc           #####...     2%          3    ##.....
 Corona                   Hex            #......      7%          1    None
 Portal Projectile        Hex/Tloc       ###...       7%          3    ##.....
 Slow                     Hex            #.......     10%         2    #......
 Spider Form              Tmut/Pois      ##........   13%         3    ##.....
 Inner Flame              Hex/Fire       #.......     21%         3    ##.....
 Ice Form                 Ice/Tmut       ##......     41%         4    ####...
 Cause Fear               Hex            #.........   54%         4    ####...
 Leda's Liquefaction      Hex/Erth       #.........   54%         4    ####...
 Blade Hands              Tmut           ###.......   61%         5    ######.


Dungeon Overview and Level Annotations

Branches:
Dungeon (12/15)            Temple (0/1) D:7            Lair (0/6) D:11
    Orc (0/2) D:9

Altars:
Cheibriados
Gozag
Hepliaklqana
Makhleb
Nemelex Xobeh
Okawaru
Trog
Wu Jian
Xom

Shops:
D:4 [   D:7 (   D:8 *

Annotations:
D:12 1 runed translucent door, Esekla's ghost, novice FoWn


Innate Abilities, Weirdness & Mutations

You cannot wear boots.
Your serpentine skin is tough. (AC +4)
You have supernaturally acute eyesight. (SInv)
Armour fits poorly on your strangely shaped body.
Your system is resistant to poisons. (rPois)
You cover ground very slowly.
You have a slow metabolism.
You can spit poison.


Message History

Casting: Shroud of Golubria (safe; 2% risk of failure) Space distorts slightly along a thin shroud covering your body.
Your shroud bends the large slime creature's attack away!!
You slash the large slime creature!
The large slime creature is almost dead.
You slash the large slime creature!
The large slime creature hits you but does no damage.
You barely miss the large slime creature.
The large slime creature is almost dead.
You slice the large slime creature!!
The large slime creature is no longer moving slowly.
The large slime creature hits you but does no damage.
You block the large slime creature's attack.
You slash the large slime creature!
You kill the large slime creature!
Cheibriados thoroughly appreciates the change of pace.
Your Transmutations skill increases to level 2!
Your Invocations skill increases to level 10!
You hit the large slime creature. The large slime creature hits you!!
You die...

#.....# #......#. #.....#
#......#. #.....#
#......#. #.....#
#..<...#. ###.....+
#..รทรท..#. #.......#
#......#.
#.......########......#)
#.....................')
###.....#@#######.......#.
#.......#ZJ.....#.......#.
######..#(......###.....#.
#..#(..(.... #.....#.
#..#(....... #.....#.
#..#........ #.....#.
###..#.(....(( #.....#.
#....#(.(..... #.....##
#....## +......


You could see a large slime creature and a bullfrog skeleton.

Vanquished Creatures
  A two-headed ogre (D:11)
  An ogre mage (D:11)
  An unseen horror (D:11)
  Pikel (D:7)
  2 ugly things (D:11)
  2 cyclopes (D:11)
  An elephant (D:11)
  2 gargoyles
  A kobold demonologist (D:11)
  4 trolls
  A tengu conjurer (D:11)
  3 slime creatures (D:12)
  3 hippogriffs
  2 shadows
  A wraith (D:10)
  Sigmund (D:6)
  2 basilisks (D:11)
  A hungry ghost (D:11)
  8 yaks
  A vampire mosquito (D:11)
  A swamp drake (D:9)
  2 acid dragons (D:11)
  2 black bears
  An ice beast (D:12)
  9 orc warriors
  4 ogres
  3 phantoms
  3 centaurs
  A crocodile (D:11)
  2 big kobolds
  10 bullfrogs
  3 scorpions
  A water moccasin skeleton (D:10)
  15 killer bees
  A howler monkey (D:7)
  A centaur zombie (D:9)
  4 crimson imps
  3 bullfrog zombies
  2 bullfrog skeletons
  Crazy Yiuf (D:3)
  6 hounds
  4 jellies
  11 orc priests
  4 centaur skeletons
  Ijyb (D:3)
  3 iguanas
  12 orc wizards
  7 worker ants
  Robin (D:3)
  2 gnolls (D:7)
  4 river rats (D:7)
  11 adders
  3 shadow imps
  2 adder zombies
  2 oozes
  9 worms
  2 dart slugs (D:2)
  4 leopard geckos
  51 orcs
  4 giant cockroaches
  11 goblins
  9 hobgoblins
  3 jackals
  7 quokkas
  2 ball pythons
  10 bats
  4 frilled lizards
  13 kobolds
  A leopard gecko skeleton (D:8)
  A quokka skeleton (D:4)
  A quokka zombie (D:6)
  12 rats
  A plant (D:7)
326 creatures vanquished.

Vanquished Creatures (others)
  5 plants (D:7)
5 creatures vanquished.

Grand Total: 331 creatures vanquished

Notes
Turn   | Place    | Note
-------+----------+-------------------------------------------
     0 | D:1      | Oravi the Naga Warper began the quest for the Orb.
     0 | D:1      | Reached XP level 1. HP: 19/19 MP: 3/3
   320 | D:1      | Reached XP level 2. HP: 15/26 MP: 5/5
   612 | D:1      | Reached skill level 3 in Axes
  1383 | D:2      | Reached XP level 3. HP: 21/32 MP: 6/6
  1571 | D:1      | Learned a level 2 spell: Blink
  1574 | D:1      | Learned a level 2 spell: Shroud of Golubria
  1994 | D:2      | Found a snail-covered altar of Cheibriados.
  2003 | D:2      | Became a worshipper of Cheibriados the Contemplative
  2023 | D:2      | Reached XP level 4. HP: 26/40 MP: 7/7
  2191 | D:2      | Reached skill level 4 in Axes
  2342 | D:2      | Found an opulent altar of Gozag.
  2988 | D:3      | Reached * piety under Cheibriados
  3028 | D:3      | Reached skill level 1 in Armour
  3028 | D:3      | Reached skill level 1 in Invocations
  3028 | D:3      | Reached XP level 5. HP: 28/48 MP: 8/8
  3843 | D:3      | Found a runed translucent door.
  3844 | D:3      | Noticed Crazy Yiuf
  4109 | D:3      | Noticed Robin
  4126 | D:3      | Killed Robin
  4126 | D:3      | Reached skill level 1 in Charms
  4126 | D:3      | Reached XP level 6. HP: 49/56 MP: 9/9
  4202 | D:3      | Noticed Ijyb
  4225 | D:3      | Killed Ijyb
  4445 | D:3      | Found an iron altar of Okawaru.
  4464 | D:3      | Reached ** piety under Cheibriados
  4726 | D:3      | Learned a level 3 spell: Lesser Beckoning
  4832 | D:4      | Reached skill level 5 in Axes
  4832 | D:4      | Noticed a phantom
  5466 | D:4      | Reached XP level 7. HP: 61/62 MP: 10/10
  5770 | D:4      | Found Cuibezxy's Antique Armour Emporium.
  6348 | D:5      | Entered Level 5 of the Dungeon
  6424 | D:5      | Found an ornate altar of the Wu Jian Council.
  6605 | D:5      | Found a burning altar of Makhleb.
  6608 | D:5      | Reached *** piety under Cheibriados
  6608 | D:5      | Reached skill level 6 in Axes
  6989 | D:6      | Noticed Sigmund
  7003 | D:6      | Killed Sigmund
  7175 | D:5      | Reached XP level 8. HP: 62/73 MP: 11/11
  7678 | D:6      | Noticed a moth of wrath
  7680 | D:6      | Found a bloodstained altar of Trog.
  7694 | D:6      | Reached skill level 7 in Axes
  8408 | D:7      | Reached skill level 5 in Fighting
  8611 | D:7      | Noticed Pikel
  8672 | D:7      | Killed Pikel
  8672 | D:7      | Reached skill level 8 in Axes
  8672 | D:7      | Reached skill level 5 in Invocations
  8672 | D:7      | Reached XP level 9. HP: 82/82 MP: 13/13
  8765 | D:7      | Found a staircase to the Ecumenical Temple.
  8775 | D:7      | Reached **** piety under Cheibriados
  9060 | D:7      | Found a shimmering altar of Xom.
  9191 | D:7      | Found Ygum's Antique Weapon Shoppe.
  9238 | D:7      | Bought a glowing broad axe for 196 gold pieces
  9628 | D:8      | Found a hazy altar of Hepliaklqana.
  9775 | D:8      | Found Haosaimy's Assorted Antiques.
  9990 | D:8      | Bought an orange potion for 23 gold pieces
  9990 | D:8      | Bought a white potion for 23 gold pieces
  9990 | D:8      | Bought an inky potion for 23 gold pieces
 10098 | D:8      | Reached skill level 9 in Axes
 10686 | D:8      | Found a sparkling altar of Nemelex Xobeh.
 11079 | D:8      | Reached ***** piety under Cheibriados
 11572 | D:9      | Reached skill level 10 in Axes
 11572 | D:9      | Reached XP level 10. HP: 27/92 MP: 15/15
 13026 | D:9      | Found a staircase to the Orcish Mines.
 13306 | D:9      | Learned a level 4 spell: Passage of Golubria
 13347 | D:10     | Entered Level 10 of the Dungeon
 13386 | D:10     | Reached ****** piety under Cheibriados
 13564 | D:10     | Reached skill level 11 in Axes
 13821 | D:10     | Reached skill level 1 in Shields
 14137 | D:10     | Reached XP level 11. HP: 103/103 MP: 17/17
 14788 | D:11     | Found a staircase to the Lair.
 14891 | D:11     | Noticed a brown ugly thing
 14909 | D:11     | Killed a cyan ugly thing
 14957 | D:11     | Noticed a two-headed ogre
 15148 | D:11     | Reached skill level 5 in Translocations
 15310 | D:11     | Noticed an unseen horror
 15320 | D:11     | Killed an unseen horror
 15320 | D:11     | Reached skill level 12 in Axes
 15392 | D:11     | Killed a two-headed ogre
 15794 | D:11     | Noticed a cyclops
 15807 | D:11     | Killed a cyclops
 15955 | D:11     | Noticed a cyan ugly thing
 16287 | D:11     | Killed a cyan ugly thing
 16449 | D:11     | Noticed an ogre mage
 16463 | D:11     | Killed an ogre mage
 16466 | D:11     | Reached XP level 12. HP: 101/114 MP: 19/19
 16504 | D:11     | Reached skill level 13 in Axes
 17261 | D:3      | Killed Crazy Yiuf
 17473 | D:7      | Learned a level 2 spell: Sticks to Snakes
 17704 | D:12     | Reached skill level 1 in Transmutations
 17742 | D:12     | Found a runed translucent door.
 17742 | D:12     | Found a shimmering altar of Xom.
 17742 | D:12     | Noticed Esekla's ghost (novice FoWn)
 17964 | D:12     | Reached skill level 10 in Invocations
 17964 | D:12     | Demolished by a large slime creature

Skill      XL: |  1  2  3  4  5  6  7  8  9 10 11 12 |
---------------+-------------------------------------+-----
Axes           | 3 4 5 6 8 10 11 12 13 | 13.1
Armour         | 1 |  1.4
Invocations    | 1 2 3 5 6 8 9 10 | 10.0
Fighting       | 3 4 5 6 8 9 |  9.5
Charms         | 1 2 |  2.0
Translocations | 4 5 |  5.0
Shields        | 1 2 |  2.4
Transmutations | 2 |  2.0
Throwing       | |  0.8
Dodging        | |  1.5
Spellcasting   | |  2.8

Action                   |  1- 3 |  4- 6 |  7- 9 | 10-12 || total
-------------------------+-------+-------+-------+-------++-------
Melee: Hand axe          |   107 |   213 |   266 |       ||   586
       Broad axe         |       |       |   110 |   391 ||   501
 Fire: Hunting sling     |       |    79 |   202 |   150 ||   431
Throw: Stone             |    20 |    24 |    14 |       ||    58
       Tomahawk          |       |       |     4 |     2 ||     6
 Cast: Shroud of Golubri |     1 |    15 |    25 |    43 ||    84
       Blink             |       |       |     1 |     4 ||     5
       Lesser Beckoning  |       |       |       |    16 ||    16
       Passage of Golubr |       |       |       |     5 ||     5
Invok: Bend Time         |       |       |     1 |     4 ||     5
       Temporal Distorti |       |       |       |     1 ||     1
 Abil: Spit Poison       |    11 |    17 |    20 |     5 ||    53
Evoke: Wand              |       |       |       |     1 ||     1
  Use: Potion            |       |     2 |     1 |     2 ||     5
       Scroll            |       |     6 |     9 |     5 ||    20
 Stab: Sleeping          |       |     1 |       |       ||     1
  Eat: Chunk             |     3 |     9 |    11 |     4 ||    27
       Ration            |       |       |     1 |     4 ||     5
Armor: Leather armour    |    31 |    31 |       |    94 ||   156
       Ring mail         |       |    20 |    27 |       ||    47
       Animal skin       |       |    11 |    22 |       ||    33
       Skin              |       |       |    34 |       ||    34
       Robe              |       |       |    77 |    19 ||    96
       Acid dragon scale |       |       |       |    49 ||    49
Dodge: Dodged            |    67 |   110 |   172 |   232 ||   581
Block: Buckler           |       |       |       |    73 ||    73
